 Dungeon Crawl Stone Soup version 0.30-a0-719-gcc4359ea44 (webtiles) character file.

Game seed: 18050623543924658464

17268 octoduck the Brawler (level 12, -6/97 HPs)
             Began as a Troll Transmuter on Jan 26, 2023.
             Was an Elder of Makhleb.
             Mangled by a naga
             ... wielding a +0 hand axe
              (12 damage)
             ... while petrified by a basilisk
             ... on level 2 of the Lair of Beasts on Jan 27, 2023.
             The game lasted 00:48:09 (15625 turns).

octoduck the Brawler (Troll Transmuter)            Turns: 15625, Time: 00:48:09

Health: -6/97      AC:  5    Str: 23    XL:     12   Next: 17%
Magic:  17/17      EV: -2    Int: 17    God:    Makhleb [****..]
Gold:   1103       SH:  0    Dex: 14    Spells: 9/13 levels left

rFire   + . .      SeeInvis .      - Unarmed
rCold   . . .      Faith    .    (no shield)
rNeg    + + +      Spirit   .    a - +1 robe
rPois   ∞          Reflect  .    (helmet restricted)
rElec   +          Harm     .    (no cloak)
rCorr   .          Rampage  .    (gloves unavailable)
Will    .....                    (boots unavailable)
Stlth   +                        l - amulet of the acrobat
HPRegen 1.16/turn                z - ring of Vunnyod {rElec rF+ rN+ Dex+4}
MPRegen 0.15/turn                b - +6 ring of intelligence

@: petrified, constricted
A: large, unfitting armour, claws 3, regeneration 1, shaggy fur 1, tough skin 1
a: Renounce Religion, Minor Destruction, Lesser Servant of Makhleb, Major
Destruction


You were on level 2 of the Lair of Beasts.
You worshipped Makhleb.
Makhleb was greatly pleased with you.
You visited 4 branches of the dungeon, and saw 18 of its levels.

You collected 2255 gold pieces.
You spent 1152 gold pieces at shops.

Inventory:

Missiles
 c - 12 boomerangs
 i - 53 poisoned darts
 o - 4 large rocks
Armour
 a - a +1 robe (worn)
Jewellery
 b - a +6 ring of intelligence (right claw)
 l - an amulet of the acrobat (around neck)
 m - a ring of magical power
 n - an amulet of regeneration
 t - a ring of flight
 z - the ring of Vunnyod (left claw) {rElec rF+ rN+ Dex+4}
   (You found it on level 3 of the Lair of Beasts)

   [ring of protection from fire]

   Dex:       It affects your dexterity (+4).
   rF:        It protects you from fire.
   rElec:     It insulates you from electricity.
   rN:        It protects you from negative energy.
Wands
 q - a wand of digging (1)
 s - a wand of mindburst (5)
 u - a wand of flame (9)
 w - a wand of roots (2)
 x - a wand of paralysis (10)
 y - a wand of light (6)
Scrolls
 d - 5 scrolls of teleportation
 p - a scroll of enchant armour
 r - 2 scrolls of fog
 v - a scroll of immolation
Potions
 e - 5 potions of attraction
 f - 3 potions of curing
 g - 2 potions of mutation
 h - a potion of brilliance
 j - 2 potions of might
 E - a potion of magic
 F - a potion of ambrosia
 G - 2 potions of flight
 H - a potion of lignification
Miscellaneous
 A - a lightning rod (4/4)


   Skills:
 - Level 0.7 Fighting
 - Level 7.1 Dodging
 + Level 15.5 Unarmed Combat
 - Level 1.2 Spellcasting
 + Level 3.2 Transmutations
 - Level 8.5 Invocations


You had 9 spell levels left.
You knew the following spells:

 Your Spells              Type           Power      Damage    Failure   Level
a - Beastly Appendage     Tmut           24%        N/A       5%          1
b - Wereblood             Tmut           12%        N/A       9%          2
c - Sting                 Tmut/Pois      24%        1d4       11%         1

Your spell library contained the following spells:

 Spells                   Type           Power      Damage    Failure   Level
 Ensorcelled Hibernation  Hex/Ice        2%         N/A       32%         2
 Spider Form              Tmut/Pois      6%         N/A       32%         3
 Hailstorm                Conj/Ice       1%         3d3       54%         3
 Kindle Blastsparks       Fire/Tloc/Air  2%         2d10      54%         3
 Vhi's Electric Charge    Tloc/Air       2%         N/A       54%         3
 Ice Form                 Ice/Tmut       6%         N/A       71%         4
 Petrify                  Tmut/Erth      6%         N/A       71%         4
 Blade Hands              Tmut           6%         N/A       83%         5
 Anguish                  Hex/Necr       0%         N/A       91%         4
 Animate Armour           Summ/Erth      2%         N/A       91%         4
 Animate Dead             Necr           1%         N/A       91%         4
 Fulminant Prism          Conj/Hex       0%         3d5       91%         4
 Iskenderun's Mystic Bla  Conj/Tloc      1%         2d3       91%         4
 Alistair's Intoxication  Tmut/Pois      4%         N/A       96%         5
 Irradiate                Conj/Tmut      3%         3d12      96%         5
 Yara's Violent Unravell  Hex/Tmut       3%         3d4       96%         5
 Arcjolt                  Conj/Air       0%         1d10      99%         5
 Borgnjor's Vile Clutch   Necr/Erth      0%         N/A       99%         5
 Lee's Rapid Deconstruct  Erth           0%         3d4*      99%         5
 Death Channel            Necr           0%         N/A       100%        6
 Iron Shot                Conj/Erth      0%         9d1       100%        6
 Simulacrum               Ice/Necr       0%         N/A       100%        6
 Maxwell's Capacitive Co  Air            0%         ∞         100%        8
 Chain Lightning          Conj/Air       0%         2d1       100%        9
 Fire Storm               Conj/Fire      0%         6d1       100%        9
 Shatter                  Erth           0%         3d5*      100%        9


Dungeon Overview and Level Annotations

Branches:
Dungeon (12/15)            Temple (1/1) D:4            Lair (3/5) D:8
  Snake (0/4) Lair:3          Orc (2/2) D:9
  Swamp: Lair:2-3    Shoals: Lair:2-3       Elf: Orc:2

Altars:
Ashenzari
Cheibriados
Dithmenos
Elyvilon
Fedhas
Gozag
Hepliaklqana
Kikubaaqudgha
Makhleb
Nemelex Xobeh
Okawaru
Qazlal
Ru
Sif Muna
Trog
Uskayaw
Vehumet
Wu Jian
Xom
Yredelemnul
Zin
The Shining One

Shops:
D:4 ::   D:11 :

Annotations:
D:3 1 runed translucent door, Crazy Yiuf
D:7 exclusions: 2 doors and 2 more exclusions
D:11 exclusion: ugly thing
D:12 Maurice, Urug
Lair:2 exclusion: ice statue


Innate Abilities, Weirdness & Mutations

You are too large for most types of armour.
You have claws for hands.
Your natural rate of healing is unusually fast.
You are covered in fur. (AC +1)
You have tough skin. (AC +1)


Message History

The naga hits your hellwing but does no damage.
The naga constricts your hellwing. The basilisk gazes at you.
Your hellwing resists with almost no effort.
Your hellwing closely misses the basilisk.
Your hellwing hits the basilisk! The naga loses its grip on you.
The naga spits poison at you.
The splash of poison hits you but does no damage.
You resist. The naga constricts your hellwing.
The basilisk bites your hellwing.
Your hellwing hits the basilisk!
Your hellwing barely misses the basilisk.
The naga loses its grip on your hellwing.
The basilisk bites your hellwing! The naga hits you with a +0 hand axe!!
The naga hits your hellwing with a +0 hand axe.
Your hellwing dies!
Your hellwing disappears in a puff of smoke!
The naga grabs you. The naga constricts you. The basilisk gazes at you.
You resist with some effort. The naga hits you with a +0 hand axe!
* * * LOW HITPOINT WARNING * * *
The naga constricts you.
* * * LOW HITPOINT WARNING * * *
The naga hits you with a +0 flail.
* * * LOW HITPOINT WARNING * * *
The basilisk gazes at you. You resist with some effort.
The naga hits you with a +0 hand axe!
* * * LOW HITPOINT WARNING * * *
The naga constricts you.
* * * LOW HITPOINT WARNING * * *
The naga hits you but does no damage. The basilisk gazes at you.
You resist with some effort. The naga hits you with a +0 hand axe!
* * * LOW HITPOINT WARNING * * *
The naga constricts you.
* * * LOW HITPOINT WARNING * * *
The naga hits you with a +0 flail!
* * * LOW HITPOINT WARNING * * *
The naga hits you with a +0 hand axe!!
You die...

### ####.#### ####
#.###.##.##P#####.[###
##.....................
#.#..##..####...<......
##.>.##...###.....##.#.
##.########.......####
#.......>#.#..........
##.##Nl....'.....##...
##..##@N...##.....##...
#...####..###.....##...
###..######.......##...
##.##..###.#......###.
##.................##.#
#.#....................
##.....................
##....................
###....................


You could see a basilisk and 2 nagas.

Vanquished Creatures
  A two-headed ogre (D:10)
  4 black mambas
  A cane toad (Lair:1)
  2 komodo dragons
  A troll (Orc:1)
  2 hornets
  A polar bear (Lair:2)
  5 blink frogs
  2 wraiths
  4 wyverns
  32 yaks
  2 shadows
  A basilisk (Lair:1)
  2 steam dragons
  An acid dragon (D:11)
  6 water moccasins
  8 orc warriors
  6 ice beasts
  3 black bears
  A sky beast (D:8)
  4 ogres
  4 wolves (Lair:1)
  3 centaurs
  3 kobold brigands
  A necrophage (D:7)
  3 bullfrogs (Lair:2)
  A scorpion (D:5)
  11 wights
  7 killer bees (D:9)
  2 howler monkeys (D:8)
  3 orc priests
  A hound (D:6)
  2 jellies
  5 iguanas
  9 orc wizards
  3 gnolls (D:5)
  7 adders
  3 white imps
  2 ufetubi
  A dart slug (D:4)
  52 orcs
  6 ball pythons
  3 bats
  12 endoplasms
  3 giant cockroaches
  6 goblins
  5 hobgoblins
  4 jackals (D:5)
  A quokka (D:1)
  4 frilled lizards
  24 kobolds
  8 rats
288 creatures vanquished.

Vanquished Creatures (collateral kills)
  A deep elf pyromancer (D:12)
  A cane toad (Lair:1)
  A blink frog (Lair:2)
  A yak (D:10)
  2 electric eels (D:12)
6 creatures vanquished.

Vanquished Creatures (others)
  A butterfly (D:8)
  15 fungi
  15 plants
31 creatures vanquished.

Grand Total: 325 creatures vanquished

Notes
Turn   | Place    | Note
-------+----------+-------------------------------------------
     0 | D:1      | octoduck the Troll Transmuter began the quest for the Orb.
     0 | D:1      | Reached XP level 1. HP: 18/18 MP: 1/1
   589 | D:1      | Reached XP level 2. HP: 26/26 MP: 2/2
   687 | D:1      | Found a faded altar of an unknown god.
  1315 | D:2      | Reached XP level 3. HP: 27/32 MP: 3/3
  1358 | D:2      | Reached skill level 4 in Unarmed Combat
  2147 | D:3      | Found a runed translucent door.
  2148 | D:3      | Noticed Crazy Yiuf
  2387 | D:3      | Reached XP level 4. HP: 39/40 MP: 4/4
  3002 | D:3      | Identified a scroll of acquirement
  3002 | D:3      | Acquired 1203 gold pieces
  3031 | D:4      | Found Xecuz's Book Shoppe.
  3157 | D:3      | Reached skill level 5 in Unarmed Combat
  3157 | D:3      | Reached XP level 5. HP: 46/46 MP: 5/5
  3565 | D:4      | Learned a level 2 spell: Wereblood
  3735 | D:4      | Found Woifyn Tore's Book Emporium.
  3782 | D:4      | Reached XP level 6. HP: 46/50 MP: 6/6
  3821 | D:4      | Found a staircase to the Ecumenical Temple.
  3834 | Temple   | Entered the Ecumenical Temple
  4068 | Temple   | Became a worshipper of Makhleb the Destroyer
  4130 | D:4      | Found an iron altar of Okawaru.
  4683 | D:5      | Entered Level 5 of the Dungeon
  4684 | D:5      | Noticed an ice beast
  4688 | D:5      | Reached skill level 6 in Unarmed Combat
  4775 | D:5      | Found a shimmering blue altar of Sif Muna.
  5185 | D:5      | Reached XP level 7. HP: 61/61 MP: 7/7
  5244 | D:5      | Found a glowing silver altar of Zin.
  5314 | D:5      | Found an opulent altar of Gozag.
  5341 | D:5      | Reached skill level 7 in Unarmed Combat
  5361 | D:5      | Found a sparkling altar of Nemelex Xobeh.
  5369 | D:5      | Reached * piety under Makhleb
  5763 | D:6      | Found an ornate altar of the Wu Jian Council.
  5854 | D:6      | Reached skill level 8 in Unarmed Combat
  5854 | D:6      | Reached XP level 8. HP: 57/68 MP: 8/8
  6278 | D:6      | Found a hide-covered altar of Uskayaw.
  6296 | D:6      | Reached skill level 9 in Unarmed Combat
  6676 | D:5      | Noticed a rust devil
  6676 | D:5      | Noticed a rust devil
  7108 | D:7      | Reached skill level 10 in Unarmed Combat
  7113 | D:7      | Reached ** piety under Makhleb
  7271 | D:7      | Found a sacrificial altar of Ru.
  7288 | D:7      | Reached XP level 9. HP: 69/75 MP: 9/9
  7418 | D:7      | Paralysed by a hornet for 3 turns
  7434 | D:7      | Reached skill level 5 in Dodging
  7920 | D:8      | Reached skill level 11 in Unarmed Combat
  8065 | D:8      | Found a white marble altar of Elyvilon.
  8243 | D:8      | Found a staircase to the Lair.
  8701 | D:9      | Reached skill level 12 in Unarmed Combat
  8806 | D:9      | HP: 1/75 [orc warrior/+0 scimitar (14)]
  8874 | D:9      | Reached XP level 10. HP: 44/83 MP: 10/10
  9121 | D:9      | Reached *** piety under Makhleb
  9296 | D:9      | Found a shadowy altar of Dithmenos.
  9364 | D:9      | Found a large runed translucent door.
  9365 | D:9      | Found a large runed translucent door.
  9395 | D:9      | HP: 4/83 [wraith (8)]
  9399 | D:9      | HP: 1/83 [wraith (6)]
  9607 | D:9      | Found a staircase to the Orcish Mines.
  9636 | D:9      | Found a glowing golden altar of the Shining One.
  9842 | D:9      | Found a blossoming altar of Fedhas.
  9857 | D:9      | Found a snail-covered altar of Cheibriados.
  9902 | D:10     | Entered Level 10 of the Dungeon
 10056 | D:10     | Noticed a two-headed ogre
 10364 | D:10     | Reached skill level 1 in Invocations
 10595 | Lair:1   | Entered Level 1 of the Lair of Beasts
 10688 | Lair:1   | Reached skill level 13 in Unarmed Combat
 10797 | Lair:1   | Noticed a black mamba
 10803 | Lair:1   | Noticed a cane toad
 10805 | Lair:1   | Killed a black mamba
 10822 | Lair:1   | Killed a cane toad
 11277 | Lair:1   | Noticed a black mamba
 11282 | Lair:1   | Killed a black mamba
 11283 | Lair:1   | Noticed a cane toad
 11304 | Lair:1   | Killed a cane toad
 11305 | Lair:1   | Reached XP level 11. HP: 89/89 MP: 13/13
 11412 | Lair:1   | You fall into a shaft and drop 1 floor!
 11473 | Lair:2   | Noticed an ice dragon
 12198 | Lair:2   | Reached skill level 5 in Invocations
 12254 | Lair:2   | Reached skill level 14 in Unarmed Combat
 12621 | Orc:1    | Entered Level 1 of the Orcish Mines
 12981 | Orc:2    | Entered Level 2 of the Orcish Mines
 12990 | Orc:2    | Reached **** piety under Makhleb
 13044 | Orc:2    | Noticed an orc knight
 13198 | D:10     | Killed a two-headed ogre
 13274 | D:11     | Noticed a purple ugly thing
 13537 | D:11     | Found Pauthrue's Tremendous Tomes.
 13818 | D:11     | Reached skill level 15 in Unarmed Combat
 14204 | D:12     | Noticed Urug
 14258 | D:12     | Noticed a deep elf pyromancer
 14268 | D:12     | Killed a deep elf pyromancer
 14350 | D:12     | Reached XP level 12. HP: 86/97 MP: 16/16
 14426 | D:12     | Noticed Maurice
 15266 | Lair:3   | Identified the ring of Vunnyod {rElec rF+ rN+ Dex+4}
 15438 | D:11     | Bought the Encyclopedia of the Illusory Emperors for 1152
                  | gold pieces
 15440 | D:11     | Learned a level 1 spell: Sting
 15598 | Lair:3   | Found a staircase to the Snake Pit.
 15625 | Lair:2   | Mangled by a naga

Illustrated notes

Levels and vault maps discovered:
D:1:      dpeg_arrival_pond, layout_loops_ring, ebering_ecumenical_altar_box
D:2:      layout_basic
D:3:      layout_loops_ring, columned_hall_lemuel, uniq_crazy_yiuf_cottage
D:4:      layout_basic, okawaru_metal_pillars_3, minmay_temple_entry_waves,
          serial_shops, nicolae_inconvenience_store, nicolae_stop_n_shop_1
D:5:      cheibrodos_iron_armory, layout_basic,
          pdpol_temple_overflow_zin_treasury_gozag_greed,
          nemelex_dance_club_becter, mainiacjoe_overflow_tiny_flanked
D:6:      layout_rooms, lemuel_crystal_altar,
          mainiacjoe_overflow_surrounded_room, serial_co_window_serial,
          co_window_paths_a, co_window_of_opportunity_a, co_window_paths_a,
          co_window_cross_1, co_window_corner_a, co_window_unsneaky_path_e,
          co_window_corner_cb, co_window_paths_c, co_window_of_opportunity_b,
          co_window_sun, co_window_4corner_a, glass_columns_a, glass_columns_c,
          portal_sewer_entry_d
D:7:      layout_gridville, old_standard_altar
D:8:      layout_basic, nicolae_elyvilon_peaceful_grove, dpeg_oklobed_lair,
          kennysheep_another_room
D:9:      layout_basic, jmf_multi_god_temple2,
          mainiacjoe_overflow_six_doors_small, mainiacjoe_overflow_alcove_1,
          orc_0_dummy, serial_bayou_crossing
D:10:     layout_basic
D:11:     layout_roguey, interstate_on_off, nrook_uturn,
          nicolae_shop_i_like_big_books
D:12:     nicolae_moon_pools, layout_stronghold, uniq_urug, uniq_maurice,
          uniq_jorgrun
Temple:   grunt_temple_mini_profane
Lair:1:   layout_chaotic_city, minmay_holes
Lair:2:   layout_regular_city, ice2_lemuel
Lair:3:   layout_hall_layers, elwin_shoals_entry_stream,
          guppyfry_snake_entry_garden
Orc:1:    layout_caves
Orc:2:    kennysheep_orc_mage_school, layout_caves, serial_shops,
          nicolae_shop_behind_doors

Skill      XL: |  1  2  3  4  5  6  7  8  9 10 11 12 |
---------------+-------------------------------------+-----
Dodging        | 2 3 4 6 7 |  7.1
Unarmed Combat | 4 5 6 8 10 12 13 15 | 15.5
Transmutations | 3 |  3.2
Invocations    | 4 7 8 |  8.5
Fighting       | |  0.7
Spellcasting   | |  1.2

Action                     |  1- 3 |  4- 6 |  7- 9 | 10-12 || total
---------------------------+-------+-------+-------+-------++-------
  Melee: Unarmed           |    89 |   165 |   249 |   322 ||   825
         Punch             |     1 |     3 |     4 |    22 ||    30
         Kick              |       |     3 |    30 |    61 ||    94
         Headbutt          |       |     2 |    28 |    45 ||    75
   Cast: Beastly Appendage |     2 |     9 |    37 |    43 ||    91
         Wereblood         |       |     2 |    20 |    27 ||    49
 Invoke: Lesser Servant of |       |       |       |     5 ||     5
         Minor Destruction |       |       |       |     7 ||     7
  Evoke: Wand              |       |       |       |    21 ||    21
    Use: Scroll            |     6 |     1 |     7 |    10 ||    24
         Potion            |       |       |     2 |     4 ||     6
   Stab: Distracted        |       |       |       |     1 ||     1
 Armour: Robe              |    23 |    41 |    49 |    55 ||   168
         Skin              |       |       |    44 |       ||    44
  Dodge: Dodged            |    27 |    70 |   136 |   213 ||   446

Table legend: (Time is in decaauts)
 A = Elapsed time spent in this place.
 B = Non-inter-level travel time spent in this place.
 C = Inter-level travel time spent in this place.
 D = Time resting spent in this place.
 E = Time spent auto-exploring this place.
 F = Levels seen in this place.
 G = Mean time per level.
                   A        B        C        D        E       F      G
               +--------+--------+--------+--------+--------+-----+--------+
         Total |  15566 |  13113 |   2453 |   2883 |   6895 |  18 |  864.8 |
       Dungeon |  12116 |  10432 |   1684 |   2128 |   5752 |  12 | 1009.7 |
        Temple |    259 |    215 |     44 |      0 |    151 |   1 |  259.0 |
          Lair |   2765 |   2056 |    709 |    614 |    819 |   3 |  921.7 |
  Orcish Mines |    425 |    409 |     16 |    141 |    173 |   2 |  212.5 |
               +--------+--------+--------+--------+--------+-----+--------+

Top non-repeatable levels by time:
  Lair:1: 1905 daAuts
     D:3: 1502 daAuts
     D:8: 1377 daAuts
     D:9: 1333 daAuts
     D:6: 1224 daAuts
     D:1: 1164 daAuts
    D:11: 1074 daAuts
     D:4: 1037 daAuts
     D:5: 998 daAuts
     D:2: 779 daAuts
  Lair:2: 768 daAuts
    D:10: 758 daAuts
     D:7: 721 daAuts
   Orc:1: 362 daAuts
  Temple: 259 daAuts
